Map: Piattaforma kimerana

Players

Jhyrachy - Winner!

  • Race: Zerg Zerg
  • League: Silver
  • Spawn Location: 6:00

Kothoga - Winner!

  • Race: Terran Terran
  • Spawn Location: 5:00

vega - Winner!

  • Race: Zerg Zerg
  • Spawn Location: 6:00

Tovari - Winner!

  • Race: Zerg Zerg
  • Spawn Location: 7:00

ben

  • Race: Terran Terran
  • Spawn Location: 11:00

Xanderulz

  • Race: Protoss Protoss
  • Spawn Location: 12:00

Solace

  • Race: Protoss Protoss
  • League: Silver
  • Spawn Location: 12:00

Crystal

  • Race: Terran Terran
  • Spawn Location: 1:00

VOD

Have the link to the VOD?

Description

Time

  • Played on: March 27, 2016, 6:06 p.m.
  • Length: 36:56
Show
View Real Time Build Order
Export as new Build Order

Jhyrachy Zerg - Winner!

Build Orders: Hatch First, Lurkers 

Get SALT Encoding   

  12  0:11  Drone  
  13  0:14  Drone  
  13  0:17  Overlord  
  14  0:36  Drone x2  
  16  0:52  Drone  
  17  1:01  Drone  
  18  1:05  Hatchery, Extractor  
  16  1:11  Drone  
  16  1:17  Spawning Pool  
  16  1:20  Drone  
  17  1:35  Drone  
  17  1:39  Overlord  
  18  1:53  Drone  
  19  2:04  Queen  
  19  2:08  Drone  
  23  2:15  Drone  
  23  2:21  Roach Warren  
  22  2:23  Drone x2  
  24  2:32  Queen  
  26  2:53  Overlord x2  
  26  3:14  Roach x5  
  26  3:15  Roach  
  38  3:21  Roach  
  38  3:22  Roach x2  
  44  4:10  Drone x6  
  44  4:11  Drone x2  
  48  4:48  Extractor  
  47  5:06  Lair  
  47  5:10  Drone x3, Extractor  
  47  5:12  Drone x2  
  43  6:18  Extractor  
  42  6:41  Hydralisk Den  
  42  6:43  Evolution Chamber  
  40  6:47  Queen, Evolution Chamber  
  40  6:53  Drone x6  
  40  6:54  Drone x4  
  48  6:55  Drone  
  52  7:06  Hatchery  
  51  7:10  Zerg Missile Weapons Level 1  
  51  7:13  Zerg Ground Armor Level 1  
  51  7:14  Lurker Den  
  51  7:42  Overlord x4  
  51  8:11  Roach x3  
  51  8:12  Roach x9  
  75  8:13  Roach x2  
  79  8:32  Drone  
  79  8:33  Drone x7  
  87  8:39  Extractor  
  87  8:40  Overlord  
  86  8:44  Muscular Augments  
  86  8:48  Burrow  
  86  8:49  Glial Reconstitution  
  86  8:59  Queen  
  88  9:03  Extractor  
  87  9:12  Drone x4  
  87  9:13  Drone x2  
  87  9:14  Overlord x4  
  93  9:36  Zerg Missile Weapons Level 2  
  93  9:41  Infestation Pit  
  92  10:07  Tunneling Claws  
  92  10:11  Zerg Ground Armor Level 2  
  92  10:19  Hive  
  92  10:28  Spire  
  91  10:42  Pneumatized Carapace  
  91  10:50  Hydralisk x3  
  91  10:51  Hydralisk x16  
  91  10:53  Overlord  
  91  10:54  Overlord x4  
  129  11:30  Lurker x2  
  129  11:31  Lurker x6  
  137  11:41  Hydralisk x6  
  137  11:42  Hydralisk x9  
  167  12:14  Hatchery  
  166  12:40  Extractor  
  166  12:43  Extractor  
  164  12:46  Overseer  
  157  13:17  Lurker x2  
  157  13:18  Lurker  
  160  13:27  Queen  
  160  13:33  Hydralisk x3  
  160  13:34  Hydralisk x4  
  160  14:06  Zerg Missile Weapons Level 3  
  160  14:07  Zerg Ground Armor Level 3  
  138  15:14  Hydralisk  
  138  15:15  Hydralisk x14  
  138  15:16  Hydralisk x4  
  138  15:18  Overlord x3  
  138  15:19  Overlord x3  
  171  16:19  Roach x11  
  171  16:20  Hydralisk  
  171  16:21  Spore Crawler, Hydralisk x13  
  171  16:22  Hydralisk  
  180  17:18  Lurker  
  180  17:19  Lurker x13  
  180  17:20  Lurker x6  
  164  17:56  Viper  
  164  17:57  Viper x6  
  127  19:47  Hydralisk  
  127  19:48  Hydralisk x18  
  127  19:49  Hydralisk x11  
  73  21:38  Hydralisk x2  
  73  21:39  Hydralisk x23  
  115  22:38  Hydralisk x11  
  127  24:35  Drone  
  127  24:36  Drone x23  
  127  24:37  Drone x5  
  105  26:00  Hatchery  
  105  26:03  Spawning Pool  
  97  27:58  Spore Crawler x3  
  95  27:59  Spore Crawler x4  
  95  28:00  Spore Crawler  
  95  28:04  Spore Crawler  
  67  28:49  Spore Crawler  
  67  28:51  Spore Crawler  
  67  28:52  Lurker  
  61  29:40  Queen  
  61  29:42  Queen  
  61  29:45  Queen  
  65  29:49  Hatchery  
  66  30:16  Queen  
  66  30:18  Queen  
  66  30:21  Queen  
  66  30:33  Spore Crawler  
  65  30:36  Spore Crawler  
  65  30:42  Hatchery  
  63  30:46  Spore Crawler  
  62  30:50  Spore Crawler  
  62  30:51  Queen  
  62  30:54  Queen  
  62  30:56  Queen  
  67  31:05  Spore Crawler  
  64  31:27  Queen  
  64  31:29  Queen  
  64  31:32  Queen  
  70  32:03  Queen  
  70  32:05  Queen  
  70  32:08  Queen  
  76  32:34  Extractor  
  75  32:38  Extractor  
  74  32:56  Spore Crawler  
  73  34:11  Spine Crawler  
  72  34:17  Queen  
  74  34:53  Queen  
  76  35:29  Queen  
  78  36:04  Queen  
  80  36:14  Spine Crawler  
  80  36:15  Spine Crawler x3  
  80  36:17  Spine Crawler  
  75  36:19  Spine Crawler  
  75  36:21  Spine Crawler  
  75  36:22  Spore Crawler  
Show
View Real Time Build Order
Export as new Build Order

Kothoga Terran - Winner!

Build Orders:  

Get SALT Encoding   

  12  0:29  Supply Depot  
  12  0:34  SCV  
  13  0:46  SCV  
  14  0:53  Supply Depot  
  14  0:58  SCV  
  14  1:00  Supply Depot  
  15  1:10  SCV  
  16  1:17  Supply Depot  
  16  1:22  SCV  
  16  1:23  Barracks  
  17  1:34  SCV  
  18  1:49  Engineering Bay  
  18  1:50  SCV  
  19  1:55  Refinery  
  19  1:58  Refinery  
  19  2:02  SCV  
  20  2:13  Marine  
  20  2:14  SCV  
  22  2:27  SCV  
  23  2:31  Marine, Engineering Bay  
  24  2:39  SCV  
  25  2:49  Marine  
  26  2:58  Missile Turret  
  26  3:07  Marine  
  27  3:12  Terran Infantry Weapons Level 1  
  27  3:14  Terran Infantry Armor Level 1  
  27  3:20  Missile Turret  
  27  3:24  Marine  
  28  3:40  Missile Turret  
  28  3:42  Marine  
  29  4:00  Marine  
  30  4:04  Factory  
  30  4:18  Marine  
  31  4:36  Marine  
  32  4:51  Factory Reactor  
  32  4:53  Marine  
  32  4:59  Armory  
  33  5:00  SCV  
  34  5:10  Barracks  
  34  5:11  Marine  
  35  5:31  Barracks Reactor  
  35  5:35  Widow Mine  
  35  5:36  Widow Mine  
  35  5:40  Orbital Command  
  39  5:46  Terran Infantry Weapons Level 2  
  39  5:49  Terran Infantry Armor Level 2  
  39  6:04  Widow Mine x2  
  39  6:07  Barracks Reactor  
  43  6:17  Barracks  
  43  6:25  Marine x2  
  45  6:32  Widow Mine  
  47  6:49  Command Center  
  47  6:58  Supply Depot  
  47  7:14  Barracks Reactor  
  47  7:19  Widow Mine x2  
  47  7:20  Marine x2, Supply Depot  
  53  7:30  Refinery  
  53  7:32  Refinery  
  53  7:38  Marine x2  
  55  7:48  Widow Mine x2, Supply Depot  
  59  7:55  Marine x2  
  61  8:02  Missile Turret  
  61  8:10  Supply Depot  
  61  8:17  Widow Mine  
  61  8:18  Marine x2  
  61  8:19  Marine x3  
  68  8:20  Marine  
  68  8:24  Missile Turret  
  69  8:32  Supply Depot  
  69  8:36  Marine x3  
  69  8:37  Marine x3  
  75  9:18  Planetary Fortress  
  75  9:45  Supply Depot  
  75  9:55  SCV  
  76  10:00  Marine  
  76  10:01  Marine x4  
  76  10:02  Marine  
  82  10:07  Supply Depot, SCV  
  83  10:19  SCV  
  84  10:30  Widow Mine x2, Supply Depot  
  84  10:31  SCV  
  89  10:42  Terran Infantry Weapons Level 3  
  89  10:43  SCV  
  90  10:52  Supply Depot  
  90  10:56  SCV  
  91  11:08  SCV  
  61  12:12  Terran Infantry Armor Level 3  
  55  12:16  Marine x4  
  55  12:17  Marine x2  
  61  12:34  Marine x5  
  61  12:35  Marine  
  67  12:52  Marine x6  
  73  13:00  Supply Depot  
  73  13:05  Widow Mine x2  
  73  13:09  Marine  
  73  13:10  Marine x5  
  83  13:19  Building Armor  
  83  13:33  Widow Mine  
  83  13:34  Widow Mine  
  83  13:40  Marine x3  
  83  13:41  Marine  
  90  13:45  Marine  
  90  13:48  Marine  
  93  14:02  Widow Mine x2  
  74  14:30  Widow Mine  
  74  14:31  Widow Mine  
  71  14:32  Marine  
  71  14:33  Marine x5  
  79  14:50  Marine x3  
  79  14:51  Marine x3  
  85  14:53  Supply Depot  
  85  14:59  Widow Mine x2  
  89  15:08  Marine x4  
  89  15:09  Marine x2  
  95  15:17  Supply Depot  
  93  15:39  Supply Depot  
  71  15:47  Marine x4  
  71  15:48  Marine x2  
  73  16:05  Hi-Sec Auto Tracking, Marine x3  
  73  16:06  Neosteel Frame  
  76  16:44  Marine x3  
  76  16:45  Marine x3  
  82  16:50  Widow Mine x2  
  82  17:02  Marine x3  
  82  17:03  Marine x3  
  71  17:18  Widow Mine  
  71  17:19  Widow Mine  
  75  17:38  Orbital Command  
  75  17:47  Widow Mine x2  
  79  18:18  Marine x3  
  79  18:19  Marine x3  
  85  18:25  Widow Mine x2  
  89  18:36  Marine x3  
  89  18:37  Marine x3  
  95  18:53  Widow Mine, Marine  
  95  18:54  Widow Mine, Marine x2  
  95  18:55  Marine x3  
  105  19:11  Marine x2  
  105  19:12  Marine x2  
  105  19:13  Marine x2  
  109  19:22  Widow Mine x2  
  111  19:29  Marine x3  
  111  19:30  Marine x2  
  111  19:31  Marine  
  117  19:47  Marine x3  
  117  19:48  Marine  
  117  19:50  Widow Mine  
  123  19:58  Marine x2  
  125  20:05  Marine x3  
  125  20:06  Marine  
  105  20:16  Marine x2  
  106  20:23  Marine x3  
  106  20:24  Marine  
  99  20:34  Marine x2  
  89  20:40  Marine  
  89  20:41  Marine x3  
  83  20:51  Marine  
  83  20:52  Marine  
  85  20:58  Marine x2  
  85  20:59  Marine x2  
  89  21:09  Marine x2  
  89  21:16  Marine x3  
  89  21:17  Marine  
  89  21:23  Widow Mine x2  
  93  21:27  Marine x2  
  95  21:34  Marine x3  
  95  21:35  Marine  
  99  21:45  Marine x2  
  99  21:51  Widow Mine x2  
  99  21:52  Marine x3  
  99  21:53  Marine  
  87  22:03  Marine x2  
  89  22:09  Marine  
  89  22:10  Marine x3  
  93  22:20  Widow Mine x2  
  94  22:32  Marine x2  
  94  22:33  Marine x4  
  100  22:48  Widow Mine x2  
  100  22:50  Marine x3  
  100  22:51  Marine x3  
  110  23:08  Marine x3  
  110  23:09  Marine x3  
  116  23:17  Widow Mine x2  
  120  23:26  Marine x4  
  120  23:27  Marine x2  
  126  23:44  Marine x6  
  126  23:45  Widow Mine x2  
  116  24:01  Marine  
  116  24:02  Marine x5  
  122  24:14  Widow Mine x2  
  126  24:19  Marine x2  
  126  24:20  Marine x4  
  132  24:37  Marine x3  
  132  24:38  Marine x3  
  137  24:42  Widow Mine x2  
  142  24:55  Marine x4  
  142  24:56  Marine x2  
  148  25:11  Widow Mine  
  148  25:13  Marine x5  
  148  25:14  Marine  
  154  25:35  Marine  
  154  25:36  Marine  
  152  26:08  Orbital Command  
  141  27:35  Marine x2  
  141  27:36  Marine x4  
  147  27:40  Widow Mine x2  
  151  27:53  Marine x3  
  151  27:54  Marine x3  
  157  28:08  Widow Mine x2  
  157  28:20  Marine x3  
  157  28:21  Marine x3  
  163  28:37  Widow Mine  
  163  28:38  Marine  
  166  30:47  Widow Mine  
  166  30:51  Supply Depot  
  166  30:57  Marine x2  
  166  31:01  Widow Mine  
  166  31:12  Marine x4  
  166  31:14  Supply Depot  
  166  31:15  Widow Mine, Marine x2  
  169  31:29  Widow Mine  
  169  31:30  Marine x3  
  174  31:35  Marine x3  
  174  31:38  Command Center, Supply Depot  
  177  32:02  Supply Depot  
  177  32:23  Widow Mine x2, Marine x2  
  177  32:27  Supply Depot  
  183  32:40  Missile Turret  
  183  32:48  Marine x6  
  183  32:50  Supply Depot  
  189  32:51  Widow Mine x2  
  193  33:04  Orbital Command  
  193  33:06  Marine x6  
  193  33:12  Supply Depot  
  199  33:18  Missile Turret  
  199  33:21  Missile Turret  
  199  33:24  Marine  
  200  33:35  Supply Depot  
  200  33:38  Missile Turret  
  178  33:58  Missile Turret  
  159  34:13  Marine x3  
  159  34:14  Marine x3  
  165  34:18  Widow Mine x2  
  169  34:31  Marine x4  
  163  34:32  Marine x2  
  162  34:46  Widow Mine x2  
  164  34:55  Marine x5  
  164  34:56  Marine  
  170  35:13  Marine x4  
  174  35:15  Widow Mine x2  
  173  35:43  Widow Mine x2  
  173  36:05  Marine  
  173  36:06  Marine x5  
  179  36:23  Marine x2  
  179  36:24  Marine x3  
Show
View Real Time Build Order
Export as new Build Order

vega Zerg - Winner!

Build Orders: Hatch First, Lurkers 

Get SALT Encoding   

  12  0:07  Drone  
  13  0:39  Hatchery  
  12  0:52  Spawning Pool  
  12  0:53  Drone  
  12  0:58  Drone  
  13  1:05  Drone  
  14  1:11  Overlord  
  15  1:40  Zergling x6  
  15  1:45  Extractor  
  16  1:52  Drone  
  17  1:58  Zergling x2  
  18  2:05  Drone  
  19  2:11  Drone  
  19  2:13  Overlord  
  20  2:21  Drone  
  21  2:27  Spine Crawler  
  21  2:28  Drone  
  21  2:38  Zergling x2  
  21  2:39  Zergling x2  
  23  2:44  Zergling x2  
  23  2:51  Extractor  
  23  2:56  Drone x2  
  23  2:58  Queen  
  27  3:00  Queen  
  27  3:01  Overlord  
  29  3:10  Metabolic Boost  
  29  3:15  Drone  
  29  3:17  Drone  
  31  3:38  Drone x2  
  33  3:56  Drone, Zergling x2  
  33  4:00  Drone x2, Overlord  
  30  4:28  Lair  
  30  4:31  Burrow  
  30  4:34  Drone x2  
  30  4:35  Drone x2  
  34  4:45  Baneling Nest  
  33  4:52  Spore Crawler, Drone x4  
  36  5:01  Zergling x4  
  36  5:05  Extractor  
  37  5:09  Extractor  
  37  5:10  Drone x3  
  39  5:28  Overseer  
  39  5:30  Overseer  
  39  5:33  Drone x2  
  41  5:44  Drone x4  
  45  5:50  Centrifical Hooks  
  45  5:53  Baneling x2  
  45  5:54  Baneling x4  
  45  5:57  Zergling x2  
  45  5:58  Zergling x10  
  51  6:11  Zergling x2  
  51  6:15  Overlord x2  
  52  6:21  Baneling  
  52  6:22  Baneling x7  
  52  6:23  Baneling x4  
  52  6:26  Overseer  
  52  6:35  Baneling x2  
  52  6:47  Hydralisk Den  
  52  6:53  Evolution Chamber  
  50  6:54  Pneumatized Carapace  
  50  6:56  Evolution Chamber  
  50  6:59  Drone x2  
  50  7:00  Zergling x6  
  54  7:05  Zergling x10  
  54  7:06  Zergling x2  
  60  7:21  Zerg Melee Weapons Level 1  
  60  7:25  Zerg Missile Weapons Level 1  
  60  7:29  Lurker Den  
  60  7:36  Baneling x3  
  60  7:37  Baneling x6  
  60  7:38  Baneling x3  
  60  7:40  Baneling x2  
  60  7:41  Baneling  
  60  7:43  Baneling  
  60  7:45  Baneling  
  60  7:50  Baneling  
  58  8:30  Hydralisk x2  
  58  8:31  Hydralisk x3  
  68  8:34  Overlord x4  
  68  8:35  Overlord  
  68  9:10  Lurker x2  
  68  9:11  Lurker x2  
  68  9:12  Lurker  
  73  9:26  Hydralisk x2  
  73  9:27  Hydralisk  
  73  9:30  Zerg Ground Armor Level 1  
  64  10:11  Lurker x3  
  67  10:15  Hydralisk x2  
  67  10:16  Hydralisk  
  73  10:40  Baneling x34  
  56  11:17  Lurker x3  
  59  13:29  Hydralisk  
  59  13:30  Hydralisk x2  
  59  13:32  Zerg Missile Weapons Level 2, Zerg Ground Armor Level 2  
  65  13:38  Hydralisk x3  
  65  13:39  Hydralisk x5  
  65  13:40  Hydralisk  
  83  14:17  Hydralisk x2  
  83  14:18  Hydralisk x4  
  91  14:56  Roach Warren  
  90  15:04  Infestation Pit  
  89  15:09  Spire  
  84  15:35  Hydralisk x2  
  84  15:36  Hydralisk x12  
  84  16:02  Lurker x3  
  84  16:03  Lurker x3  
  84  16:04  Lurker x2  
  92  16:05  Lurker x3  
  92  16:07  Lurker x3  
  83  18:46  Extractor  
  37  20:26  Hydralisk  
  37  20:27  Hydralisk x5  
  40  21:07  Hatchery  
  40  21:09  Extractor  
  38  21:27  Hydralisk  
  38  21:28  Hydralisk x2  
  44  21:39  Extractor  
  43  22:09  Overlord x3  
  40  22:42  Hatchery  
  36  23:15  Drone x2  
  36  23:16  Drone  
  34  24:01  Drone x3  
  37  24:07  Spawning Pool  
  36  24:21  Evolution Chamber  
  35  24:35  Overlord x2  
  35  24:36  Overlord  
  9  25:45  Drone x3, Queen  
  11  25:50  Extractor  
  11  25:51  Extractor  
  9  26:02  Hatchery  
  5  27:17  Spawning Pool  
  5  27:21  Drone  
  5  28:20  Drone x3  
  8  28:55  Drone x3  
  11  29:01  Lair  
  11  29:32  Drone x3  
  14  30:00  Drone x2  
  16  30:07  Hydralisk Den  
  16  30:11  Drone  
  16  30:18  Spore Crawler  
  15  30:23  Spore Crawler  
  14  30:59  Drone x3  
  14  31:00  Drone x3  
  20  32:01  Zergling x10, Baneling Nest  
  24  32:35  Zergling x6  
  27  32:47  Baneling  
  27  32:48  Baneling x6  
  27  32:49  Baneling x3  
  27  32:51  Zergling x2  
  27  32:55  Baneling x6  
  28  33:22  Hatchery  
  27  33:30  Baneling x2  
  27  33:33  Zergling x6  
  27  33:34  Zergling x2  
  22  34:15  Hydralisk x5  
  32  34:18  Lurker Den  
  32  34:49  Baneling x6  
  32  34:50  Baneling x2  
  32  34:57  Hydralisk x2  
  32  34:58  Hydralisk  
  38  35:01  Drone x3  
  37  35:17  Overseer x3  
  37  35:18  Overseer x3  
  37  35:32  Drone x2  
  39  35:35  Extractor  
  39  35:39  Extractor  
  37  36:42  Lurker x3  
  37  36:43  Lurker x5  
Show
View Real Time Build Order
Export as new Build Order

Tovari Zerg - Winner!

Build Orders: Pool First 

Get SALT Encoding   

  12  0:20  Spawning Pool  
  11  0:26  Drone  
  11  0:27  Drone  
  13  0:41  Extractor  
  12  0:45  Drone  
  12  0:46  Drone  
  14  0:50  Overlord  
  14  1:09  Zergling x2  
  15  1:15  Queen  
  15  1:17  Zergling x2  
  18  1:24  Zergling x2  
  19  1:34  Zergling x2  
  20  1:42  Zergling x2  
  20  1:46  Metabolic Boost  
  21  1:53  Zergling x2  
  22  2:04  Overlord  
  22  2:16  Evolution Chamber  
  22  2:17  Drone  
  22  2:33  Zergling x2  
  23  2:38  Zergling x2  
  23  2:39  Zergling x6  
  27  2:45  Zerg Melee Weapons Level 1  
  27  3:00  Drone  
  27  3:03  Drone  
  29  3:17  Drone  
  30  3:31  Hatchery  
  29  3:35  Overlord  
  29  3:40  Drone  
  30  3:58  Drone x3  
  33  4:03  Extractor  
  24  4:42  Drone  
  24  4:43  Drone x5  
  30  4:48  Lair  
  30  5:00  Roach Warren  
  29  5:08  Drone x3  
  29  5:09  Queen  
  34  5:14  Drone x2  
  34  5:15  Drone x3  
  39  5:28  Spine Crawler  
  39  5:29  Spine Crawler  
  39  5:33  Drone x2  
  39  5:43  Drone x4  
  43  6:05  Drone  
  43  6:06  Overlord x2  
  44  6:14  Infestation Pit  
  43  6:27  Drone  
  43  6:28  Drone x2  
  43  6:32  Queen  
  48  6:39  Hydralisk Den  
  47  6:41  Zerg Ground Armor Level 1  
  47  6:43  Drone x2  
  47  6:44  Drone  
  50  6:47  Drone  
  51  7:15  Extractor  
  51  7:18  Extractor  
  51  7:22  Spore Crawler  
  48  7:26  Swarm Host  
  60  7:31  Overlord x4  
  60  7:38  Muscular Augments  
  57  7:59  Burrow  
  57  8:06  Hydralisk  
  57  8:07  Hydralisk x6  
  57  8:12  Drone x3  
  72  8:44  Zerg Missile Weapons Level 1  
  72  8:46  Hydralisk  
  72  8:47  Hydralisk x2  
  78  8:49  Zergling x8  
  78  8:50  Zergling x2  
  83  9:09  Hydralisk x3  
  92  9:26  Overlord x5  
  92  9:44  Overlord  
  92  10:06  Hydralisk x2  
  92  10:07  Hydralisk x4  
  92  10:13  Hive  
  104  10:24  Drone  
  104  10:25  Drone  
  106  10:52  Hydralisk x3  
  106  10:53  Hydralisk x3  
  113  11:17  Hatchery  
  96  11:26  Hydralisk x2  
  96  11:27  Hydralisk x4  
  98  11:53  Hydralisk x4  
  88  12:07  Hydralisk x2  
  92  12:08  Hydralisk x3  
  86  12:43  Hydralisk x7  
  86  12:44  Hydralisk  
  102  12:54  Zerg Ground Armor Level 2  
  102  13:16  Hydralisk x4  
  102  13:17  Zergling x2  
  102  13:18  Zergling x6  
  114  13:52  Zergling x10  
  114  13:53  Zergling x8  
  123  13:57  Adrenal Glands  
  123  14:02  Evolution Chamber  
  122  14:25  Extractor x2  
  120  14:35  Hydralisk x2  
  120  14:36  Hydralisk x7  
  138  14:45  Zerg Missile Weapons Level 2  
  133  15:09  Zerg Melee Weapons Level 2  
  133  15:19  Queen  
  135  15:21  Zergling x2  
  135  15:22  Zergling x2  
  135  15:23  Overlord x6  
  112  16:46  Zergling x4  
  100  16:47  Zergling x12  
  100  16:48  Zergling x2  
  92  17:01  Zerg Ground Armor Level 3, Zergling x6  
  95  17:13  Hydralisk x3  
  99  17:25  Zerg Missile Weapons Level 3  
  99  17:26  Hydralisk x2  
  99  17:27  Hydralisk  
  101  17:32  Hydralisk x5  
  101  17:53  Hydralisk x6  
  110  18:09  Hydralisk x4  
  110  18:10  Hydralisk x2  
  122  18:27  Hydralisk x5  
  82  18:51  Hydralisk x2  
  82  18:52  Hydralisk x5  
  49  19:20  Spore Crawler  
  49  19:22  Spore Crawler  
  49  19:23  Spore Crawler, Hydralisk x3  
  49  19:24  Hydralisk x2  
  48  19:28  Spore Crawler  
  48  19:29  Spore Crawler  
  52  19:31  Spore Crawler  
  33  19:40  Zergling x6  
  27  19:53  Spore Crawler, Hydralisk  
  27  19:54  Spore Crawler x2  
  27  19:55  Spore Crawler  
  27  19:56  Spore Crawler  
  27  19:57  Spore Crawler  
    20:26  Drone x3  
Show
View Real Time Build Order
Export as new Build Order

ben Terran 

Build Orders:  

Get SALT Encoding   

  12  0:02  SCV  
  13  0:14  SCV  
  13  0:20  Supply Depot  
  15  0:28  SCV  
  15  0:41  SCV  
  16  0:44  Barracks  
  16  0:53  SCV  
  17  0:58  Refinery  
  17  1:05  SCV  
  18  1:16  Supply Depot  
  18  1:18  SCV  
  19  1:30  SCV  
  20  1:39  Bunker  
  20  1:40  Marine  
  20  1:42  SCV  
  22  1:50  Barracks  
  22  1:54  SCV  
  22  2:01  Marine  
  23  2:06  SCV  
  25  2:15  Refinery  
  25  2:18  SCV  
  25  2:19  Marine  
  27  2:23  Supply Depot  
  27  2:30  SCV  
  27  2:37  Marine  
  28  2:42  SCV  
  28  2:43  Marine, Factory  
  31  2:51  Supply Depot  
  31  2:54  Marine  
  31  2:55  Orbital Command  
  32  3:01  Marine  
  33  3:12  Marine  
  33  3:16  Engineering Bay  
  34  3:22  Barracks Tech Lab  
  34  3:30  Marine  
  34  3:32  Factory Tech Lab  
  35  3:41  Starport  
  35  3:43  Marauder  
  35  3:47  Terran Infantry Weapons Level 1  
  35  3:48  Marine  
  38  3:55  Missile Turret, Supply Depot  
  38  4:02  Siege Tank  
  41  4:05  Marauder  
  43  4:10  Combat Shields  
  43  4:11  Marine  
  44  4:29  Marine  
  44  4:35  Starport Reactor  
  44  4:36  Marine  
  45  4:56  Marine  
  45  4:58  Marine  
  47  5:00  Command Center  
  39  5:34  Marine  
  39  5:37  Siege Tank  
  39  5:41  Terran Infantry Armor Level 1, Medivac x2  
  46  5:50  Missile Turret  
  45  6:03  Marine  
  46  6:04  Marine  
  46  6:09  Hellion  
  49  6:13  Medivac, Viking  
  53  6:22  Marine  
  53  6:31  Marine  
  54  6:38  Widow Mine  
  56  6:40  Marine  
  57  6:49  Marauder  
  59  6:58  Marine  
  60  7:05  Missile Turret  
  60  7:06  Widow Mine  
  60  7:08  SCV  
  63  7:10  Marine  
  64  7:16  Marine  
  64  7:18  Stimpack  
  64  7:20  SCV  
  66  7:24  Viking  
  66  7:28  Marauder  
  66  7:29  Supply Depot  
  70  7:35  Missile Turret  
  70  7:51  Marine x2, SCV  
  73  7:55  Siege Tank  
  76  8:03  SCV  
  77  8:15  SCV  
  73  8:34  Marauder  
  73  8:35  Marine  
  73  8:38  Siege Tank  
  77  9:17  Command Center  
  77  9:29  Missile Turret  
  77  9:31  Marine  
  78  9:42  Marine, Viking x2  
  78  9:43  Supply Depot  
  83  9:49  Marauder  
  81  10:00  Marine  
  76  10:18  Marine  
  76  10:20  Missile Turret  
  77  10:28  Marauder  
  79  10:29  Concussive Shells  
  79  10:34  Hi-Sec Auto Tracking  
  79  10:36  Marine  
  79  10:41  Bunker  
  80  10:42  Orbital Command  
  80  10:49  Refinery  
  80  10:50  Refinery  
  80  10:53  Orbital Command  
  80  10:54  Marine  
  81  11:00  Missile Turret  
  81  11:10  Missile Turret  
  81  11:28  Marine  
  81  11:31  Marauder  
  84  11:46  Marine  
  82  11:52  Marine  
  74  12:27  Liberator x2  
  62  12:56  Starport  
  62  12:59  Supply Depot  
  62  13:23  Armory  
  62  13:43  Marine  
  63  13:49  Starport Tech Lab  
  63  14:00  Marine  
  63  14:02  Marine  
  64  14:12  Barracks  
  64  14:18  Marauder  
  64  14:19  Marine  
  67  14:28  Liberator  
  67  14:37  Missile Turret, Marine  
  68  14:39  Raven  
  70  14:50  Marine  
  74  14:55  Marine, Medivac  
  77  15:00  Barracks Reactor  
  77  15:01  Terran Infantry Weapons Level 2  
  77  15:13  Marine  
  78  15:25  Missile Turret  
  78  15:31  Marine  
  79  15:43  Thor  
  79  15:48  Marine, Viking  
  88  15:52  Marine  
  88  15:53  Marine x2  
  76  16:06  Marine  
  76  16:11  Marine x2  
  69  16:18  Viking  
  64  16:19  Marauder  
  64  16:24  Marine  
  67  16:29  Marine x2  
  67  16:31  Viking  
  67  16:32  Medivac  
  73  16:40  Marine  
  73  16:42  Marine  
  73  16:46  Marine x2  
  76  16:48  Raven  
  79  16:58  Marine  
  79  17:00  Marine  
  81  17:01  Viking  
  81  17:04  Marine x2  
  85  17:22  Marine x2  
  87  18:40  Marine x2  
  45  20:21  Marine  
  40  20:22  Marine  
  40  20:25  Thor  
  40  20:27  Medivac, Viking  
  52  20:29  Raven  
  54  20:40  Marine  
  41  20:58  Marine  
  42  21:12  Viking  
  42  21:54  Marine x2  
  42  21:57  Marauder  
  42  21:58  Marine  
  47  22:12  Marine x2  
  49  22:16  Marine  
  50  22:30  Marine x2  
  46  22:48  Marine x2  
  48  23:48  Marine x2  
  48  23:51  Marauder, Marine  
  53  24:11  Siege Tank  
  48  25:48  Marine  
  49  25:51  Siege Tank  
  49  25:54  Marine  
  53  25:57  Marine  
  54  26:06  Marine  
  55  26:24  Marine  
  52  27:01  Marauder  
  54  27:02  Marine  
  55  27:33  Marine x2  
  31  28:33  Orbital Command  
  31  28:45  Refinery  
  31  29:32  Marine x2  
  33  29:48  Marine  
  33  29:49  Marine  
  33  29:51  Marine  
  33  29:52  Marine  
  37  30:00  Medivac  
  39  30:38  Refinery  
  39  30:47  Medivac  
  41  31:36  Marine x2  
  41  31:38  Marine  
  41  31:39  Marine  
  45  31:47  Raven  
  47  31:57  Marine  
  47  32:01  Liberator  
  48  32:03  Marauder  
  48  32:05  Marine  
  51  32:15  Marine  
  55  33:26  Thor  
  61  33:30  Marauder  
  61  33:31  Marine x2  
  61  33:33  Viking, Medivac  
  69  33:39  Raven  
  42  34:21  Viking  
  43  34:51  Medivac  
  45  35:34  Widow Mine  
Show
View Real Time Build Order
Export as new Build Order

Xanderulz Protoss 

Build Orders: Forge Fast Expand (FFE) 

Get SALT Encoding   

  12  0:01  Probe (Chrono Boost)  
  13  0:12  Probe (Chrono Boost)  
  14  0:22  Probe (Chrono Boost)  
  14  0:24  Pylon  
  15  0:31  Assimilator  
  15  0:42  Probe (Chrono Boost)  
  16  0:46  Forge  
  16  1:10  Pylon  
  16  1:23  Nexus  
  16  1:33  Photon Cannon  
  16  1:43  Photon Cannon  
  16  1:49  Assimilator  
  16  2:00  Photon Cannon  
  16  2:08  Pylon  
  16  2:18  Probe (Chrono Boost)  
  17  2:22  Photon Cannon  
  17  2:32  Pylon  
  17  2:36  Probe (Chrono Boost)  
  18  2:43  Photon Cannon  
  18  2:46  Probe (Chrono Boost)  
  19  2:57  Probe (Chrono Boost)  
  20  2:59  Probe (Chrono Boost)  
  21  3:07  Probe (Chrono Boost)  
  21  3:10  Probe (Chrono Boost)  
  23  3:18  Probe (Chrono Boost)  
  24  3:20  Assimilator, Probe (Chrono Boost)  
  24  3:26  Gateway  
  25  3:28  Probe (Chrono Boost)  
  25  3:30  Gateway  
  26  3:36  Pylon  
  26  3:39  Probe (Chrono Boost)  
  27  3:45  Photon Cannon  
  27  3:49  Photon Cannon  
  27  3:50  Probe (Chrono Boost)  
  27  3:55  Pylon  
  28  4:14  Photon Cannon x2  
  28  4:17  Photon Cannon  
  28  4:21  Photon Cannon  
  28  4:24  Photon Cannon  
  28  4:28  Photon Cannon  
  28  4:33  Probe (Chrono Boost)  
  29  4:43  Probe x2 (Chrono Boost)  
  31  4:53  Probe (Chrono Boost), Photon Cannon  
  31  4:57  Assimilator  
  32  5:04  Probe (Chrono Boost)  
  33  5:14  Probe (Chrono Boost)  
  33  5:15  Pylon  
  33  5:16  Pylon  
  34  5:33  Cybernetics Core  
  34  5:48  Photon Cannon  
  34  5:49  Photon Cannon x2  
  34  5:52  Photon Cannon  
  34  6:00  Photon Cannon  
  34  6:04  Photon Cannon  
  34  6:21  Photon Cannon  
  34  6:25  Photon Cannon  
  34  6:32  Photon Cannon  
  34  6:35  Photon Cannon  
  34  6:36  Photon Cannon  
  34  6:40  Photon Cannon  
  34  6:44  Photon Cannon  
  34  7:01  Stargate  
  34  7:02  Pylon  
  34  7:04  Pylon  
  34  7:15  Twilight Council  
  34  7:19  Pylon  
  34  7:21  Pylon  
  34  7:23  Pylon  
  34  7:26  Pylon  
  34  7:33  Pylon  
  34  7:34  Pylon  
  34  7:48  Probe (Chrono Boost)  
  34  7:49  Nexus  
  35  7:54  Pylon  
  35  7:55  Pylon  
  35  7:57  Pylon  
  35  7:59  Probe (Chrono Boost)  
  35  8:01  Assimilator  
  35  8:05  Assimilator  
  36  8:07  Pylon  
  36  8:09  Probe (Chrono Boost), Pylon  
  37  8:21  Stargate  
  37  8:26  Fleet Beacon  
  37  8:29  Stargate  
  37  8:33  Stargate  
  37  8:37  Photon Cannon  
  37  8:38  Photon Cannon  
  37  8:42  Photon Cannon  
  37  8:44  Photon Cannon  
  37  8:46  Photon Cannon  
  37  8:49  Photon Cannon  
  37  8:51  Photon Cannon  
  37  9:09  Photon Cannon  
  37  9:11  Photon Cannon  
  37  9:13  Photon Cannon  
  37  9:25  Photon Cannon  
  37  9:27  Photon Cannon  
  37  9:29  Photon Cannon  
  37  9:32  Photon Cannon  
  37  9:34  Photon Cannon  
  37  9:36  Photon Cannon  
  37  9:42  Photon Cannon  
  37  9:55  Photon Cannon  
  37  9:57  Photon Cannon  
  37  10:01  Photon Cannon  
  37  10:09  Photon Cannon  
  37  10:12  Photon Cannon  
  37  10:15  Photon Cannon  
  37  10:31  Carrier  
  43  10:40  Carrier  
  48  11:41  Pylon  
  48  11:58  Nexus  
  48  12:02  Pylon  
  48  12:04  Pylon  
  48  12:07  Carrier  
  54  12:09  Carrier  
  54  12:10  Carrier  
  54  12:15  Carrier  
  72  12:50  Photon Cannon x2  
  72  12:55  Photon Cannon x2  
  72  12:58  Photon Cannon  
  72  13:06  Photon Cannon  
  72  13:33  Carrier  
  78  13:41  Carrier  
  84  13:56  Carrier  
  90  14:12  Carrier  
  96  14:46  Protoss Shields Level 1  
  96  14:49  Protoss Air Weapons Level 1  
  96  15:10  Carrier  
  102  15:16  Carrier  
  108  16:32  Carrier  
  114  16:33  Carrier  
  120  16:43  Protoss Air Armor Level 1, Carrier  
  120  16:45  Carrier  
  132  18:04  Carrier  
  138  18:05  Carrier  
  144  19:18  Carrier  
  144  19:19  Carrier  
  97  21:28  Carrier  
  97  21:29  Carrier  
  97  21:30  Carrier  
  97  21:31  Carrier  
  121  21:34  Protoss Shields Level 2  
  121  21:36  Protoss Air Weapons Level 2  
  115  23:13  Carrier  
  115  23:15  Carrier  
  115  23:16  Carrier  
  115  23:17  Carrier  
  139  23:51  Protoss Air Armor Level 2  
  49  29:50  Sentry x2  
  47  30:16  Sentry  
  47  30:17  Sentry  
Show
View Real Time Build Order
Export as new Build Order

Solace Protoss 

Build Orders:  

Get SALT Encoding   

  12  0:01  Probe (Chrono Boost)  
  13  0:11  Probe (Chrono Boost)  
  14  0:25  Probe (Chrono Boost), Pylon  
  15  0:43  Probe (Chrono Boost)  
  15  0:46  Gateway  
  16  0:54  Probe (Chrono Boost), Pylon  
  17  0:58  Assimilator  
  17  1:05  Probe (Chrono Boost)  
  18  1:15  Probe (Chrono Boost)  
  19  1:18  Assimilator  
  19  1:35  Cybernetics Core  
  19  1:40  Probe (Chrono Boost)  
  20  1:51  Gateway  
  20  1:54  Zealot  
  22  2:14  Nexus, Mothership Core (Chrono Boost)  
  24  2:32  Probe (Chrono Boost)  
  24  2:36  Warp Gate  
  25  2:41  Adept  
  25  2:43  Probe (Chrono Boost)  
  28  2:59  Adept  
  28  3:05  Probe (Chrono Boost)  
  31  3:26  Probe (Chrono Boost), Pylon  
  33  3:27  Probe (Chrono Boost)  
  33  3:37  Adept x2  
  37  3:46  Probe (Chrono Boost)  
  37  3:48  Probe (Chrono Boost)  
  39  3:57  Probe (Chrono Boost)  
  40  4:08  Stargate  
  40  4:09  Stargate  
  40  4:10  Stalker  
  40  4:11  Stalker  
  40  4:12  Probe x2 (Chrono Boost)  
  43  4:39  Probe x2 (Chrono Boost)  
  45  4:45  Pylon  
  45  4:48  Pylon  
  45  4:52  Probe (Chrono Boost)  
  46  5:02  Pylon  
  46  5:04  Probe x2 (Chrono Boost), Pylon  
  48  5:12  Gateway  
  48  5:14  Probe (Chrono Boost)  
  48  5:15  Gateway  
  48  5:19  Probe (Chrono Boost)  
  50  5:25  Probe (Chrono Boost)  
  51  5:32  Probe (Chrono Boost), Gateway  
  51  5:35  Probe (Chrono Boost), Gateway  
  53  5:36  Assimilator  
  53  5:43  Forge  
  53  5:46  Gateway  
  53  5:55  Assimilator, Probe (Chrono Boost)  
  53  5:56  Probe (Chrono Boost)  
  55  6:00  Adept x2  
  59  6:15  Void Ray x2  
  67  6:22  Pylon  
  67  6:23  Probe (Chrono Boost)  
  67  6:24  Probe (Chrono Boost)  
  69  6:34  Probe (Chrono Boost)  
  69  6:35  Stalker  
  69  6:36  Stalker x2  
  69  6:37  Stalker  
  78  6:45  Pylon  
  78  6:46  Probe x2 (Chrono Boost)  
  80  7:09  Protoss Ground Armor Level 1  
  80  7:10  Pylon  
  80  7:28  Stalker x4  
  80  7:29  Stalker  
  90  7:37  Fleet Beacon  
  90  7:41  Protoss Air Weapons Level 1  
  90  8:01  Cybernetics Core  
  90  8:09  Photon Cannon  
  90  8:15  Photon Cannon  
  90  8:19  Photon Cannon  
  90  8:23  Photon Cannon  
  90  8:25  Photon Cannon, Carrier  
  96  8:27  Carrier  
  96  8:30  Photon Cannon  
  102  8:38  Protoss Air Armor Level 1  
  102  9:14  Nexus  
  102  9:22  Pylon  
  102  9:28  Pylon  
  102  9:32  Pylon  
  102  9:39  Pylon  
  102  9:40  Assimilator, Probe x2 (Chrono Boost)  
  102  9:44  Assimilator  
  104  9:53  Photon Cannon  
  104  9:55  Photon Cannon  
  104  9:58  Photon Cannon  
  104  10:03  Gateway  
  104  10:06  Gateway  
  104  10:08  Gateway  
  104  10:10  Gateway  
  104  10:13  Gateway  
  104  10:16  Probe x2 (Chrono Boost)  
  106  10:34  Probe x2 (Chrono Boost)  
  106  10:35  Probe (Chrono Boost), Photon Cannon  
  109  10:46  Carrier x2  
  121  10:50  Protoss Air Weapons Level 2  
  121  10:54  Protoss Air Armor Level 2  
  121  11:20  Photon Cannon  
  121  11:46  Stalker  
  123  11:47  Stalker x4  
  123  11:48  Stalker x4  
  139  11:56  Pylon  
  139  12:11  Carrier  
  139  12:13  Pylon  
  139  12:14  Carrier  
  139  12:15  Pylon  
  151  12:21  Pylon  
  151  12:23  Pylon  
  151  12:37  Robotics Facility  
  123  13:24  Observer (Chrono Boost)  
  124  13:37  Carrier  
  130  13:43  Observer (Chrono Boost)  
  77  14:59  Observer (Chrono Boost)  
  72  15:01  Stalker x3  
  72  15:02  Stalker x4  
  72  15:03  Stalker  
  88  15:07  Carrier x2 (Chrono Boost)  
  90  16:04  Observer  
  91  16:13  Photon Cannon  
  91  16:31  Carrier x2 (Chrono Boost)  
  97  16:42  Stalker x4  
  97  16:43  Stalker x2  
Show
View Real Time Build Order
Export as new Build Order

Crystal Terran 

Build Orders:  

Get SALT Encoding   

  12  0:04  SCV  
  13  0:16  SCV  
  14  0:28  SCV  
  15  0:32  Supply Depot  
  15  0:53  SCV  
  16  0:57  Barracks  
  16  1:06  SCV  
  17  1:17  Refinery  
  17  1:18  SCV  
  18  1:30  SCV  
  19  1:42  SCV  
  19  1:45  Marine  
  21  1:52  Supply Depot  
  21  1:54  SCV  
  22  2:05  Refinery  
  22  2:06  SCV  
  23  2:14  Marine  
  24  2:18  SCV  
  25  2:24  Supply Depot  
  25  2:32  Orbital Command  
  25  2:38  Factory  
  25  2:47  Marine  
  26  2:57  Barracks  
  26  2:58  SCV  
  27  3:09  Barracks Tech Lab  
  27  3:14  SCV  
  28  3:30  Factory Tech Lab  
  28  3:40  Starport  
  28  3:54  Marine  
  29  4:07  Supply Depot  
  29  4:13  Marine  
  30  4:48  Siege Tank  
  30  4:50  Barracks Reactor  
  33  5:01  Command Center  
  33  5:10  Combat Shields  
  33  5:16  Starport Reactor  
  33  5:31  Engineering Bay  
  33  5:45  Siege Tank  
  36  5:51  Marauder  
  38  6:05  Marine x2  
  40  6:14  Armory  
  40  6:21  Medivac x2  
  40  6:22  Marine  
  40  6:23  Marine  
  46  6:29  Concussive Shells  
  46  7:04  Supply Depot  
  46  7:12  Planetary Fortress  
  46  7:27  Supply Depot  
  46  7:29  Siege Tank  
  49  7:35  Marine x2  
  51  7:40  Marauder  
  53  7:50  Supply Depot  
  53  7:52  Marine  
  53  7:53  Marine  
  55  7:59  SCV  
  55  8:01  Siege Tank  
  59  8:07  Bunker  
  59  8:11  SCV  
  60  8:13  Supply Depot  
  60  8:16  Terran Infantry Weapons Level 1  
  60  8:23  SCV  
  61  8:30  SCV  
  62  8:35  Supply Depot  
  62  8:36  SCV  
  62  8:40  Refinery  
  63  8:43  Refinery, SCV  
  63  8:48  SCV  
  65  8:51  Marauder  
  67  8:57  Supply Depot  
  67  9:00  SCV  
  68  9:10  Medivac x2  
  68  9:12  SCV  
  68  9:13  Marauder  
  68  9:14  Terran Vehicle Weapons Level 1  
  75  9:20  Supply Depot  
  75  9:40  Stimpack  
  75  9:42  Command Center  
  75  10:02  Fusion Core  
  75  10:09  Marauder  
  75  10:10  Terran Infantry Armor Level 1  
  75  10:12  Marine x2  
  75  10:14  Barracks  
  79  10:20  Medivac  
  81  10:29  Marine  
  81  10:30  Marauder, Marine  
  81  10:32  SCV  
  86  10:44  SCV  
  86  10:47  Marine  
  86  10:48  Marine  
  89  10:52  Marauder  
  89  10:53  Supply Depot  
  89  10:56  SCV  
  92  11:05  Marine  
  92  11:08  SCV  
  92  11:09  Terran Vehicle And Ship Armor Level 1  
  94  11:11  Refinery  
  94  11:13  Marauder  
  94  11:15  Supply Depot  
  96  11:20  SCV  
  97  11:38  Supply Depot  
  97  11:50  Barracks Reactor  
  97  11:54  Barracks  
  97  12:00  Supply Depot  
  99  12:01  Marauder  
  99  12:02  Marine x2  
  99  12:04  Terran Infantry Weapons Level 2  
  99  12:08  Medivac  
  103  12:19  Marine  
  103  12:20  Marine  
  103  12:21  SCV  
  108  12:22  Marauder  
  108  12:28  Missile Turret  
  108  12:33  SCV  
  109  12:37  Marine x2  
  113  12:44  Marauder  
  113  12:45  SCV  
  113  12:49  Missile Turret  
  114  12:55  Marine x2  
  79  13:05  Marauder  
  81  13:11  Missile Turret  
  81  13:19  Marine  
  81  13:20  Marine x3  
  81  13:23  Medivac x2  
  81  13:27  Marauder  
  91  13:37  Marine x2  
  91  13:38  Marine x2  
  95  13:48  Marauder  
  97  13:53  Medivac x2  
  97  13:55  Marine x2  
  103  14:09  Marauder  
  105  14:26  Siege Tank  
  105  14:31  Marauder  
  76  14:58  Siege Tank  
  79  15:08  SCV  
  79  15:12  Factory  
  80  15:15  Orbital Command  
  80  15:20  SCV  
  80  15:21  Terran Infantry Armor Level 2  
  81  15:22  Refinery  
  81  15:24  Terran Vehicle And Ship Armor Level 2  
  81  15:30  Siege Tank  
  82  16:07  Missile Turret  
  82  16:18  Factory Tech Lab  
  82  16:22  Sensor Tower  
  71  17:12  Missile Turret  
Tags
 
Add a new tag
Caveats
  • Supply blocks, unpowered buildings, or Contaminate may cause inaccurate times.
  • Supply counts are checked every 10 seconds.